Unix NetHack Version 5.0.0-0 post-release - last build May 23 2026 06:08:33 (1c0ff79ee797540d5714e4e18072db0edd9e58ae,branch:main).

Game began 2026-05-24 14:16:07, ended 2026-05-24 14:31:21.

Atomicjoy, chaotic male elven Wizard

                                                              -----
                  -------------                     ------    |<...#
                  |...........|                     |....|    |...|##
                  |.....@.f...|                     |....|    |...----
                  |...........|                     |....|    |......|
                  |...........|                     |....-##  |......|
                  -.-.---------                     ----|- #  |......|
                     ##                                 #  #  |...----
                      ####                              #  #  |...|
                         ######                     #####  ###....|
                        ####  .                  ####         -----
                           #  ..              ---|---------
                           # .....            |...........|
                           # ......           +...........|
                           # $......       ###|...........|
                          ## .......|      ###-...........|
                           #--------- ## ###  -------------
                           ###############

Atomicjoy the Evoker      St:11 Dx:13 Co:13 In:20 Wi:9 Ch:9  Chaotic
Dlvl:5  $:199 HP:13(13) Pw:9(9) AC:9  Xp:1/12 T:980 

Latest messages:
 The giant rat bites!
 The door resists!
 The door opens.
 The door opens.
 The door opens.
 The door opens.
 You hear some noises in the distance.
 You are beginning to feel hungry.
 What do you want to eat? [rCD or ?*] ?
 This food really hits the spot!
 The kitten bites the large kobold.
 The large kobold misses the kitten.
 You stop eating the food ration.
 The kitten bites the large kobold.
 The large kobold hits the kitten.
 You hear some noises.
 Your kitten grows up into a housecat.
 You see here a large box.
 Hmmm, the large box turns out to be locked.
 There is a locked large box here; force its lock? [ynq] (q) y
 You start bashing it with your quarterstaff.
 The housecat bites the brown mold.
 The housecat bites the brown mold.
 The brown mold is killed!
 You stop forcing the lock.
 You resume your attempt to force the lock.
 The housecat bites the goblin.
 The goblin is killed!
 Your housecat eats a goblin corpse.
 You succeed in forcing the lock.
 What do you want to use or apply? [cnovyFG or ?*] <enter>
 Never mind.
 I - a scroll labeled LOREM IPSUM.
 J - a light brown spellbook.
 K - 2 orange gems.
 What do you want to drop? [$a-kn-yA-K or ?*] ?
 You drop a light brown spellbook.
 You see here an empty broken large box.
 You see here a light brown spellbook.
 J - a light brown spellbook.
 You see here an iron skull cap.
 L - an iron skull cap.
 What do you want to read? [i-kyABIJ or ?*] J
 This spellbook is very difficult to comprehend.  Continue? [yn] (n) y
 You feel threatened.
 You can move again.
 What do you want to read? [i-kyABIJ or ?*] L
 That is a silly thing to read.
 Really quit without saving? [yn] (n) y
 Do you want your possessions identified? [ynq] (y) q

Inventory:
 Coins    ('$')
  $ - 199 gold pieces
 Weapons  (')')
  w - 10 +0 arrows
  x - a cursed +0 bow
  t - a cursed -1 orcish dagger
  a - a blessed +1 quarterstaff (weapon in hands)
 Armor    ('[')
  L - an uncursed +0 orcish helm
  b - an uncursed +0 cloak of magic resistance (being worn)
 Comestibles  ('%')
  D - an uncursed carrot
  C - 3 uncursed food rations
  H - an uncursed partly eaten food ration
  r - an uncursed lichen corpse
 Scrolls  ('?')
  I - an uncursed scroll of confuse monster
  B - a blessed scroll of enchant weapon
  i - an uncursed scroll of enchant weapon
  k - an uncursed scroll of food detection
  A - an uncursed scroll of gold detection
  j - an uncursed scroll of light
 Spellbooks  ('+')
  y - an uncursed spellbook of blank paper
  J - an uncursed spellbook of cancellation
 Potions  ('!')
  q - an uncursed potion of booze
  h - an uncursed potion of confusion
  E - a blessed potion of extra healing
  f - an uncursed potion of gain ability
  s - a blessed potion of object detection
  p - 2 uncursed potions of sickness
  g - an uncursed potion of sleeping
 Rings    ('=')
  d - a blessed +1 ring of adornment
  e - an uncursed ring of sustain ability
 Wands    ('/')
  F - a blessed wand of digging (0:8)
  c - a wand of light (0:13)
  G - a wand of make invisible (0:5)
 Tools    ('(')
  o - an uncursed bugle
  n - a magic marker (0:19)
  v - a cursed tallow candle
 Gems/Stones  ('*')
  u - a cursed worthless piece of black glass
  K - 2 uncursed worthless pieces of orange glass

Atomicjoy the Wizard's attributes:

Background:
 You were an Evoker, a level 1 male elven Wizard.
 You were chaotic, on a mission for Anhur
 who was opposed by Ptah (lawful) and Thoth (neutral).
 You were right-handed.
 You were in the Dungeons of Doom, on level 5.
 You entered the dungeon 980 turns ago.
 You had 12 experience points, 8 more were needed to attain level 2.

Basics:
 You had all 13 hit points.
 You had all 9 energy points (spell power).
 Your armor class was 9.
 Your wallet contained 199 zorkmids.
 Autopickup was off.

Final Characteristics:
 Your strength was 11 (limit:18).
 Your dexterity was 13 (limit:18).
 Your constitution was 13 (limit:16).
 Your intelligence was 20 (limit:20).
 Your wisdom was 9 (limit:20).
 Your charisma was 9 (limit:18).

Final Status:
 You weren't hungry.
 You were unencumbered.
 You were wielding a quarterstaff.
 You had basic skill with quarterstaff.

Final Attributes:
 You were fervently aligned.
 You were magic-protected.
 You had infravision.
 You were warded.
 You survived.

Miscellaneous:
 You didn't encounter any bones levels.
 Total elapsed playing time was 15 minutes and 12 seconds.

Major events:
 Turn
    1: Atomicjoy the chaotic male elven Wizard entered the dungeon
  711: entered the Gnomish Mines
  980: quit

Spells:
 Name                 Level Category     Fail Retention
 force bolt             1   attack         0%  91%-100%
 wizard lock            2   matter        37%  76%-100%

Skills:
 Fighting Skills
   bare handed combat [Unskilled]
   riding             [Unskilled]
 Weapon Skills
   dagger             [Unskilled]
   knife              [Unskilled]
   axe                [Unskilled]
   short sword        [Unskilled]
   club               [Unskilled]
   mace               [Unskilled]
   quarterstaff       [Basic]
   polearms           [Unskilled]
   spear              [Unskilled]
   trident            [Unskilled]
   sling              [Unskilled]
   dart               [Unskilled]
   shuriken           [Unskilled]
 Spellcasting Skills
   attack spells      [Basic]
   healing spells     [Unskilled]
   divination spells  [Unskilled]
   enchantment spells [Basic]
   clerical spells    [Unskilled]
   escape spells      [Unskilled]
   matter spells      [Unskilled]

Voluntary challenges:
 Character rerolling was not enabled.
 You never genocided any monsters.
 You never polymorphed an object.
 You never changed form.
 You used no wishes.
Achievements:
 You entered a shop.
 You entered the Gnomish Mines.

 The Dungeons of Doom: levels 1 to 5
    Level 1:
       A fountain.
    Level 2:
       A scroll shop, a fountain.
    Level 3:
       An altar, a fountain, a grave.
    Level 4:
       Some fountains, a grave.
       Stairs down to The Gnomish Mines.
    Level 5: <- You were here.
 The Gnomish Mines:
    Level 5:


Vanquished creatures:
  a shrieker
  a large kobold
  a giant rat
  a brown mold
  a red mold
  a gnome zombie
  3 jackals
  a fox
  a kobold
  3 goblins
  a sewer rat
  2 grid bugs
  a bat
  2 lichens
  a kobold zombie
  2 newts
23 creatures vanquished.

No species were genocided or became extinct.

Goodbye Atomicjoy the Wizard...

You quit in The Dungeons of Doom on dungeon level 5 with 447 points,
and 199 pieces of gold, after 980 moves.
You were level 1 with a maximum of 13 hit points when you quit.

